 Dungeon Crawl Stone Soup version 0.20-a0-501-g0de2c2e (webtiles) character file.

15062 Ijustatesigmund the Destroyer (level 12, 0/109 HPs)
             Began as a Naga Wizard on Jan 18, 2017.
             Was a Believer of Ashenzari.
             Slain by a red ugly thing (19 damage)
             ... on level 12 of the Dungeon on Jan 19, 2017.
             The game lasted 01:19:18 (18849 turns).

Ijustatesigmund the Destroyer (Naga Wizard)        Turns: 18849, Time: 01:19:18

Health: 0/109      AC: 10    Str: 11    XL:     12   Next: 23%
Magic:  23/23      EV: 13    Int: 21    God:    Ashenzari [**....]
Gold:   675        SH:  0    Dex: 11    Spells: 7/26 levels left

rFire    . . .     SeeInvis +   v - +5 short sword (freeze) (curse)
rCold    . . .     Gourm    .   a - +0 robe
rNeg     + . .     Faith    .   (no shield)
rPois    +         Spirit   .   b - +0 hat
rElec    .         Reflect  .   F - +2 cloak
rCorr    .         Harm     .   u - +1 pair of gloves
MR       +....                  (no barding)
Stlth    ++........             y - amulet of magic regeneration
Regen    0.3/turn               s - +3 ring of evasion (curse)
                                i - ring of positive energy

@: repel missiles, very slow
A: see invisible, deformed body, poison resistance, slowness 2, slow metabolism
1, spit poison 1, AC +4
a: Spit Poison, Curse Item, Scrying, Renounce Religion


You were on level 12 of the Dungeon.
You worshipped Ashenzari.
Ashenzari was pleased with you.
You were near starving.

You visited 2 branches of the dungeon, and saw 13 of its levels.

You collected 773 gold pieces.
You spent 98 gold pieces at shops.

Inventory:

Hand Weapons
 v - a cursed +5 short sword of freezing (weapon)
 D - the +9 spear "Cahatz" {pierce, *Corrode +Inv rPois SInv}
   (You took it off an orc on level 8 of the Dungeon)

   It inflicts extra damage upon your enemies.
   It protects you from poison.
   It lets you see invisible.
   It lets you turn invisible.
   It may corrode you when you take damage.
 M - a +5 long sword
Missiles
 f - 4 throwing nets (quivered)
Armour
 a - a +0 robe (worn)
 b - a +0 hat (worn)
 r - the +5 chain mail of Analysis {rF- rCorr Str-4 Dex+9}
   (You found it on level 4 of the Dungeon)

   It affects your strength (-4).
   It affects your dexterity (+9).
   It makes you vulnerable to fire.
   It protects you from acid and corrosion.
 u - a +1 pair of gloves (worn)
 F - a +2 cloak (worn)
Jewellery
 i - a ring of positive energy (left hand)
 s - a cursed +3 ring of evasion (right hand)
 y - an amulet of magic regeneration (around neck)
 L - an uncursed amulet of faith
 N - a +4 ring of dexterity
Wands
 e - a wand of lightning (0/15)
 k - a wand of polymorph (7/24)
 q - a wand of digging (0/24)
 w - a wand of polymorph (6/24)
 I - a wand of acid (1/15)
 P - a wand of scattershot (8/9)
 Q - a wand of lightning (3/15)
 R - a wand of iceblast (3/15)
Scrolls
 g - 2 scrolls of immolation
 h - a scroll of recharging
 l - 2 scrolls of amnesia
 o - a scroll of fear
 x - 4 scrolls of magic mapping
 H - 2 scrolls of enchant armour
Potions
 j - a potion of lignification {unknown}
 m - 2 potions of heal wounds
 p - a potion of magic
 t - a potion of berserk rage
 z - 2 potions of curing
 B - a potion of mutation
 C - 2 potions of degeneration {unknown}
 E - 3 potions of cancellation
 J - a potion of agility {unknown}
 K - a potion of resistance {unknown}
Books
 c - a book of Minor Magic

   Spells                             Type                      Level
   a - Magic Dart                     Conjuration                  1
   b - Blink                          Translocation                2
   c - Call Imp                       Summoning                    2
   d - Repel Missiles                 Charms/Air                   2
   e - Slow                           Hexes                        2
   f - Conjure Flame                  Conjuration/Fire             3
   g - Mephitic Cloud                 Conjuration/Poison/Air       3
 G - a book of Clouds

   Spells                             Type                      Level
   a - Poisonous Vapours              Poison/Air                   2
   b - Mephitic Cloud                 Conjuration/Poison/Air       3
   c - Conjure Flame                  Conjuration/Fire             3
   d - Freezing Cloud                 Conjuration/Ice/Air          6
   e - Ring of Flames                 Charms/Fire                  7
 O - a book of Maledictions

   Spells                             Type                      Level
   a - Corona                         Hexes                        1
   b - Ensorcelled Hibernation        Hexes/Ice                    2
   c - Confuse                        Hexes                        3
   d - Tukima's Dance                 Hexes                        3
   e - Dazzling Spray                 Conjuration/Hexes            3
Comestibles
 d - 11 bread rations
 n - 9 meat rations
 A - a beef jerky


   Skills:
 + Level 7.0 Fighting
 - Level 5.1(7.3) Short Blades
 - Level 2.6 Dodging
 - Level 3.0 Stealth
 - Level 7.8 Spellcasting
 - Level 8.6 Conjurations
 + Level 3.6 Hexes
   Level 1.0 Summonings
 - Level 5.0 Translocations
 - Level 5.1 Fire Magic
 - Level 6.0 Ice Magic
 - Level 5.7 Air Magic
 - Level 6.6 Poison Magic


You had 7 spell levels left.
You knew the following spells:

 Your Spells              Type           Power        Failure   Level  Hunger
a - Magic Dart            Conj           ####         1%          1    None
b - Blink                 Tloc           N/A          1%          2    None
c - Repel Missiles        Chrm/Air       ###...       4%          2    None
d - Mephitic Cloud        Conj/Pois/Air  #####...     1%          3    None
e - Conjure Flame         Conj/Fire      #####...     1%          3    None
f - Freezing Cloud        Conj/Ice/Air   #####.....   82%         6    ######.
g - Ensorcelled Hibernat  Hex/Ice        ####..       1%          2    None


Dungeon Overview and Level Annotations

Branches:
Dungeon (12/15)            Temple (1/1) D:6            Lair (0/6) D:8
    Orc: D:9-12

Altars:
Ashenzari
Cheibriados
Dithmenos
Elyvilon
Fedhas
Gozag
Hepliaklqana
Kikubaaqudgha
Makhleb
Nemelex Xobeh
Okawaru
Qazlal
Ru
Sif Muna
Trog
Uskayaw
Vehumet
Xom
Yredelemnul
Zin
The Shining One

Shops:
D:4 ?   D:11 (

Annotations:
D:10 Fannar


Innate Abilities, Weirdness & Mutations

You cannot wear boots.
Your serpentine skin is tough. (AC +4)
You have supernaturally acute eyesight. (SInv)
Armour fits poorly on your strangely shaped body.
Your system is resistant to poisons. (rPois)
You cover ground very slowly.
You have a slow metabolism.
You can spit poison.


Message History

The hungry ghost hits you.
You are near starving!
The red ugly thing gores you.
You are engulfed in flames!!
* * * LOW HITPOINT WARNING * * *
Casting: Mephitic Cloud
Confirm with . or Enter, or press ? or * to list all spells.
You blink.
As you read the scroll of fear, it crumbles to dust.
You assume a fearsome visage.
The red ugly thing easily resists.
The two-headed ogre easily resists.
The hungry ghost is unaffected.
You hear the crackling of a very distant melting archway.
The red ugly thing closely misses you.
You hit the red ugly thing but do no damage.
The red ugly thing is moderately wounded.
You hit the red ugly thing but do no damage.
The red ugly thing is moderately wounded.
The red ugly thing gores you.
* * * LOW HITPOINT WARNING * * *
You are engulfed in flames!!
You die...

* , ## * * , , #. ,*
, ,*
#,#.##############
*,#. ..........[....
, ,
#.###............. **
#...#.............
######.....u.........
#...@uWO.............
*
#.#####..............
,*, ##............. >
#............. *
##............ , * **
#............ , ,,
#............ * , ,,
* #............ ,*
#............


You could see 2 ugly things, a two-headed ogre and a hungry ghost.

Vanquished Creatures
  Snorg (D:10)
  Harold (D:11)
  2 two-headed ogres
  Pikel (D:5)
  An orc knight (D:11)
  Maurice (D:8)
  Joseph (D:8)
  6 trolls
  Prince Ribbit (D:7)
  3 hippogriffs
  A spriggan (D:7)
  Sigmund (D:4)
  14 yaks
  A wyvern (D:10)
  Duvessa (D:4)
  2 water moccasins (D:10)
  2 ice beasts
  A slave (D:5)
  6 orc warriors
  2 sky beasts
  5 phantoms
  5 ogres
  9 centaurs
  2 necrophages
  A gnoll sergeant (D:6)
  7 bullfrogs
  A wyvern skeleton (D:9)
  Dowan (D:4)
  2 scorpions (D:11)
  12 killer bees
  8 wights
  2 howler monkeys (D:9)
  7 crimson imps
  A quasit (D:9)
  4 bullfrog zombies
  4 hounds
  4 jellies
  5 orc priests
  4 bullfrog skeletons
  A centaur skeleton (D:6)
  9 orc wizards
  Crazy Yiuf (D:2)
  12 worker ants
  Terence (D:3)
  A killer bee zombie (D:7)
  A hound zombie (D:6)
  2 hound skeletons
  Robin (D:3)
  7 gnolls
  A howler monkey skeleton (D:8)
  23 adders
  4 shadow imps
  An adder zombie (D:9)
  An adder skeleton (D:5)
  2 worms
  4 leopard geckos
  48 orcs
  2 ball pythons
  11 bats
  3 giant cockroaches
  14 goblins
  15 hobgoblins
  15 jackals
  5 quokkas
  10 frilled lizards
  A jackal zombie (D:6)
  7 kobolds
  2 leopard gecko zombies
  10 rats
348 creatures vanquished.

Vanquished Creatures (collateral kills)
  A hippogriff (D:9)
  A killer bee (D:10)
2 creatures vanquished.

Vanquished Creatures (others)
  An orc wizard (D:5)
  3 orcs (D:5)
  A fungus (D:8)
5 creatures vanquished.

Grand Total: 355 creatures vanquished

Notes
Turn   | Place    | Note
-------+----------+-------------------------------------------
     0 | D:1      | Ijustatesigmund the Naga Wizard began the quest for the Orb.
     0 | D:1      | Reached XP level 1. HP: 15/15 MP: 4/4
   346 | D:1      | Reached XP level 2. HP: 22/22 MP: 3/6
   350 | D:1      | Learned a level 2 spell: Blink
   353 | D:1      | Learned a level 2 spell: Repel Missiles
   462 | D:1      | Reached skill level 2 in Conjurations
   969 | D:1      | Reached XP level 3. HP: 28/28 MP: 4/7
  1647 | D:1      | Learned a level 3 spell: Mephitic Cloud
  1968 | D:2      | Reached skill level 3 in Conjurations
  2048 | D:2      | Found a hazy altar of Hepliaklqana.
  2063 | D:2      | Reached XP level 4. HP: 36/36 MP: 6/9
  2404 | D:2      | Found a runed door.
  2412 | D:2      | Noticed Crazy Yiuf
  2417 | D:2      | Killed Crazy Yiuf
  2417 | D:2      | Reached XP level 5. HP: 42/42 MP: 3/10
  2558 | D:2      | Reached skill level 4 in Conjurations
  3127 | D:3      | Reached XP level 6. HP: 35/49 MP: 0/12
  3322 | D:3      | Reached skill level 5 in Conjurations
  3418 | D:3      | Noticed Robin
  3423 | D:3      | Killed Robin
  3875 | D:3      | Found a deep blue altar of Sif Muna.
  4409 | D:3      | Noticed Terence
  4422 | D:3      | Killed Terence
  4824 | D:3      | Found a burning altar of Makhleb.
  4910 | D:3      | Found a shimmering altar of Xom.
  5073 | D:4      | Reached XP level 7. HP: 44/55 MP: 4/13
  5137 | D:4      | Noticed Dowan
  5139 | D:4      | Noticed Duvessa
  5152 | D:4      | Killed Dowan
  5155 | D:4      | Killed Duvessa
  5155 | D:4      | Reached skill level 6 in Conjurations
  5187 | D:4      | Found Wygrel's Magic Scroll Boutique.
  5195 | D:4      | Bought a scroll of identify for 28 gold pieces
  5195 | D:4      | Bought a scroll of identify for 28 gold pieces
  5195 | D:4      | Bought a scroll of teleportation for 42 gold pieces
  5347 | D:4      | Noticed Sigmund
  5358 | D:4      | Killed Sigmund
  5358 | D:4      | Reached skill level 1 in Fighting
  5581 | D:4      | Found a hide-covered altar of Uskayaw.
  5724 | D:4      | Got a brightly glowing chain mail
  5739 | D:4      | Found a sacrificial altar of Ru.
  5756 | D:4      | Reached XP level 8. HP: 68/68 MP: 1/14
  5983 | D:5      | Entered Level 5 of the Dungeon
  5996 | D:4      | Identified the +5 chain mail of Analysis {rF- rCorr Str-4 Dex+9} (You found it on level 4 of the Dungeon)
  6015 | D:5      | Found a hazy altar of Hepliaklqana.
  6808 | D:5      | Noticed Pikel
  6836 | D:5      | Killed Pikel
  6836 | D:5      | Reached skill level 5 in Short Blades
  7187 | D:5      | Reached skill level 1 in Poison Magic
  7312 | D:6      | Reached skill level 1 in Air Magic
  7312 | D:6      | Reached XP level 9. HP: 64/80 MP: 5/15
  7658 | D:6      | Found a staircase to the Ecumenical Temple.
  7667 | Temple   | Entered the Ecumenical Temple
  7819 | Temple   | Became a worshipper of Ashenzari the Shackled
  8635 | D:6      | Found an iron altar of Okawaru.
  8846 | D:6      | Found a glowing silver altar of Zin.
  8847 | D:6      | Noticed an angel
  9007 | D:6      | Reached skill level 5 in Spellcasting
  9300 | D:7      | Noticed Prince Ribbit
  9308 | D:7      | Killed Prince Ribbit
  9502 | D:7      | Found a white marble altar of Elyvilon.
  9621 | D:7      | Reached skill level 5 in Poison Magic
  9836 | D:7      | Found a shimmering altar of Xom.
  9919 | D:7      | Noticed a troll
  9926 | D:7      | Killed a troll
 10093 | D:7      | Reached XP level 10. HP: 46/87 MP: 6/19
 10247 | D:7      | Learned a level 3 spell: Conjure Flame
 10333 | D:8      | Noticed Maurice
 10343 | D:8      | Reached skill level 1 in Fire Magic
 10343 | D:8      | Reached skill level 5 in Air Magic
 10543 | D:8      | Noticed Joseph
 10559 | D:8      | Killed Joseph
 10915 | D:8      | Identified the +9 spear "Cahatz" {pierce, *Corrode +Inv rPois SInv} (You took it off an orc on level 8 of the Dungeon)
 11355 | D:8      | Found a staircase to the Lair.
 11379 | D:8      | Found a sparkling altar of Nemelex Xobeh.
 11634 | D:8      | Reached skill level 5 in Translocations
 11661 | D:8      | Reached * piety under Ashenzari
 12131 | D:8      | Killed Maurice
 13083 | D:9      | Found a radiant altar of Vehumet.
 13135 | D:9      | Reached skill level 5 in Fire Magic
 13135 | D:9      | Reached XP level 11. HP: 93/93 MP: 18/22
 13605 | D:9      | Learned a level 6 spell: Freezing Cloud
 13754 | D:9      | Reached skill level 1 in Ice Magic
 13950 | D:9      | Reached skill level 7 in Conjurations
 14172 | D:9      | Noticed a two-headed ogre
 14211 | D:9      | Killed a two-headed ogre
 14754 | D:10     | Entered Level 10 of the Dungeon
 15136 | D:10     | Reached skill level 5 in Ice Magic
 15208 | D:10     | Noticed Fannar
 15239 | D:10     | Noticed Snorg
 16165 | D:10     | Reached ** piety under Ashenzari
 16187 | D:10     | Reached skill level 5 in Fighting
 16282 | D:10     | Reached skill level 8 in Conjurations
 16317 | D:10     | Noticed a two-headed ogre
 16329 | D:10     | Killed Snorg
 16336 | D:10     | Killed a two-headed ogre
 16782 | D:10     | Learned a level 2 spell: Ensorcelled Hibernation
 16866 | D:10     | Reached XP level 12. HP: 100/105 MP: 23/23
 17113 | D:11     | Reached skill level 1 in Hexes
 17630 | D:11     | Noticed Harold
 17631 | D:11     | Upgraded the game from 0.20-a0-495-g2241292 to 0.20-a0-501-g0de2c2e
 17695 | D:10     | Noticed a two-headed ogre
 18085 | D:11     | Found Ucsauzyn's Weapon Shop.
 18137 | D:11     | Killed Harold
 18768 | D:12     | Noticed a two-headed ogre
 18849 | D:12     | Slain by a red ugly thing

Vault maps used:
D:1:      scummos_arrival_simple_crosswalls
D:2:      old_standard_altar, uniq_crazy_yiuf_cottage
D:3:      nicolae_overflow_hidden_temple, lightli_temple_of_fire, uniq_robin,
          uniq_terence
D:4:      lemuel_round_altar, kennysheep_little_box, serial_shops, shop_statue,
          eino_tiny_chamber, minmay_misc_feat_roman, uniq_sigmund, uniq_duvessa
D:5:      basic_altar, first_bread, kennysheep_generic_room_5, uniq_pikel
D:6:      nicolae_whirlpool, kennysheep_okawaru_gauntlet, zin_angel,
          grunt_ministairs_12, minmay_three_doors
D:7:      elyvilon_altar_5, basic_altar, the_bakery, kennysheep_small_circle,
          uniq_prince_ribbit1
D:8:      dpeg_oklobed_lair, lemuel_tele_altar, uniq_maurice, uniq_joseph
D:9:      lemuel_doored_altar, roderic_lattice_a
D:10:     serial_park_tiny_2, lightli_fourway_metalbox, uniq_snorg, uniq_fannar
D:11:     serial_shops, nicolae_shop_trees, st_stairs_5,
          lemuel_mausoleum_altar_yredelemnul, uniq_harold, uniq_urug
D:12:     kennysheep_orc_monster_closet_entryway,
          portal_ice_cave_entry_ice_beasts, serial_shops, nicolae_shop_stone
Temple:   minmay_temple_curvy_loop

Skill      XL: |  1  2  3  4  5  6  7  8  9 10 11 12 |
---------------+-------------------------------------+-----
Conjurations   | 2 3 4 5 6 8 |  8.6
Spellcasting   | 4 6 7 |  7.8
Translocations | 2 3 5 |  5.0
Fighting       | 2 4 6 7 |  7.0
Short Blades   | 2 5 |  5.1
Poison Magic   | 1 6 |  6.6
Air Magic      | 1 4 5 |  5.7
Fire Magic     | 5 |  5.1
Dodging        | 2 |  2.6
Ice Magic      | 6 |  6.0
Hexes          | 3 |  3.6
Stealth        | |  3.0
Summonings     | |  1.0

Action                   |  1- 3 |  4- 6 |  7- 9 | 10-12 || total
-------------------------+-------+-------+-------+-------++-------
Melee: Unarmed           |     6 |       |       |       ||     6
       Dagger            |    11 |       |       |       ||    11
       Short sword       |    16 |     4 |   136 |   473 ||   629
       Quarterstaff      |       |    82 |       |       ||    82
       War axe           |       |    12 |       |       ||    12
 Cast: Magic Dart        |    83 |   123 |   217 |   515 ||   938
       Repel Missiles    |     1 |     2 |     2 |     3 ||     8
       Mephitic Cloud    |       |    10 |    13 |    58 ||    81
       Blink             |       |       |       |    16 ||    16
       Conjure Flame     |       |       |       |     6 ||     6
       Freezing Cloud    |       |       |       |     1 ||     1
Invok: Curse Item        |       |       |     2 |       ||     2
 Abil: Spit Poison       |     9 |     6 |     6 |    24 ||    45
Evoke: Wand              |       |       |     1 |    12 ||    13
  Use: Scroll            |     5 |       |    15 |    11 ||    31
       Potion            |       |     1 |     1 |     3 ||     5
 Stab: Sleeping          |       |     1 |     3 |       ||     4
       Confused          |       |     4 |     6 |    30 ||    40
  Eat: Chunk             |     2 |     7 |     6 |    12 ||    27
       Fruit             |       |     1 |     3 |       ||     4
       Beef jerky        |       |     1 |       |       ||     1
       Bread ration      |       |       |     1 |     2 ||     3
       Pizza             |       |       |     1 |     1 ||     2
       Meat ration       |       |       |       |     1 ||     1
Armor: Robe              |    12 |    50 |    60 |   175 ||   297
Dodge: Dodged            |    40 |    79 |   136 |   377 ||   632
       Deflected         |       |     2 |     9 |    12 ||    23
